 Dungeon Crawl Stone Soup version 0.31.0-12-g77e489cdc1 (webtiles) character file.

Game seed: 8663309638540507216

137 Silvore the Covered (level 5, -5/41 HPs)
             Began as a Demonspawn Fighter on Feb 12, 2024.
             Slain by an ogre
             ... wielding a +0 giant club
              (17 damage)
             ... on level 4 of the Dungeon.
             The game lasted 00:02:46 (2727 turns).

Silvore the Covered (Demonspawn Fighter)            Turns: 2727, Time: 00:02:46

Health: -5/41      AC:  7    Str: 19    XL:     5   Next: 0%
Magic:  5/5        EV:  9    Int:  8    God:
Gold:   175        SH:  5    Dex: 18    Spells: 4/4 levels left

rFire   . . .        a - +1 long sword
rCold   . . .        c - +0 buckler
rNeg    . . .        b - +0 scale mail
rPois   +            (no helmet)
rElec   .            (no cloak)
rCorr   .            (no gloves)
SInv    .            (no boots)
Will    .....        (no amulet) Stlth
                     g - +6 ring of dexterity
HPRegen 0.26/turn    h - ring of poison resistance
MPRegen 0.09/turn

%: no passive effects
@: no status effects
A: ignite blood 1
a: no special abilities


You were on level 4 of the Dungeon.
You visited 1 branch of the dungeon, and saw 4 of its levels.

You collected 175 gold pieces.

Inventory:

Hand Weapons
 a - a +1 long sword (weapon)
Armour
 b - a +0 scale mail (worn)
 c - a +0 buckler (worn)
Jewellery
 e - a ring of fire
 g - a +6 ring of dexterity (left hand)
 h - a ring of poison resistance (right hand)
Scrolls
 j - a scroll of teleportation
 n - a scroll of fog
Potions
 d - a potion of might
 f - 2 potions of attraction
 i - 3 potions of mutation
 k - a potion of curing {unknown}
 l - a potion of heal wounds {unknown}
 m - 2 potions of degeneration {unknown}
 o - 2 potions of enlightenment {unknown}


   Skills:
 + Level 3.4 Fighting
 + Level 2.5 Long Blades
 + Level 4.1 Armour
 + Level 0.5 Dodging
 + Level 0.1 Stealth
 + Level 3.0 Shields


You had 4 spell levels left.
You didn't know any spells.
Your spell library contained the following spells:

 Spells                   Type           Power      Damage    Failure   Level
 Sting                    Conj/Alch      0%         1d3       85%         1
 Ensorcelled Hibernation  Hex/Ice        0%         N/A       94%         2
 Mercury Vapours          Alch/Air       0%         N/A       94%         2
 Fugue of the Fallen      Necr           0%         N/A       99%         3
 Anguish                  Hex/Necr       0%         N/A       100%        4
 Olgreb's Toxic Radiance  Alch           0%         N/A       100%        4


Dungeon Overview and Level Annotations

Branches:
Dungeon (4/15)
 Temple: D:4-7

Altars:


Innate Abilities, Weirdness & Mutations

Your demonic aura sometimes causes spilled blood to erupt in flames.


Message History

The orc wizard attacks as it pursues you!
The orc wizard hits you but does no damage.
The orc wizard closely misses you.
You feel less confused. The orc wizard closely misses you.
The orc wizard casts a spell at you. The magic dart hits you.
The orc wizard points at you and mumbles some strange words.
The puff of flame hits you!
You slash the orc wizard!
The orc wizard is severely wounded.
The orc wizard hits you with a +0 dagger.
You hit the orc wizard.
You kill the orc wizard!
Your life force feels restored.
You have reached level 5!
You start resting.
HP restored.
i - 3 potions of mutation (gained 2)
Found a stone staircase leading up.
k - a viscous cyan potion An ogre comes into view.
It is wielding a +0 giant club.
Found a book of Minor Magic.
An ogre is nearby!
You hit the ogre.
The ogre is moderately wounded.
The ogre hits you with a +0 giant club!
You hit the ogre.
The ogre is moderately wounded.
The ogre hits you with a +0 giant club.
You hit the ogre.
The ogre is heavily wounded.
The ogre closely misses you.
You barely miss the ogre.
The ogre is heavily wounded.
The ogre hits you with a +0 giant club!
* * * LOW HITPOINT WARNING * * *
Unknown command.
The ogre attacks as it pursues you! The ogre hits you with a +0 giant club!
You die...

..##.. . ....... #. ###
......# ..
...#..###.....# ...
......#......# ....
.............##..#
........##.......# ....
.......○@.....# ......
:.....#O.....###.......
#.... #.<..............
.... ##......####.....
#.. #.......##...... .
.. .....#.#..........##
. .....##.###......#...
.....#..#........##..
................... .


You could see an ogre.

Vanquished Creatures
  2 orc wizards
  3 adders
  6 orcs
  2 ball pythons
  7 bats
  6 endoplasms
  2 giant cockroaches
  5 goblins
  5 hobgoblins
  4 kobolds (D:1)
  3 quokkas
  2 frilled lizards
  2 rats
49 creatures vanquished.

Notes
Turn   | Place    | Note
-------+----------+-------------------------------------------
     0 | D:1      | Silvore the Demonspawn Fighter began the quest for the Orb.
     0 | D:1      | Reached XP level 1. HP: 18/18 MP: 1/1
   183 | D:1      | Gained mutation: Your demonic aura sometimes causes spilled
                  | blood to erupt in flames. [demonic ancestry]
   183 | D:1      | Reached XP level 2. HP: 24/24 MP: 2/2
   241 | D:1      | Reached skill level 3 in Armour
   862 | D:2      | Reached XP level 3. HP: 27/29 MP: 3/3
  1315 | D:2      | Found a faded altar of an unknown god.
  1823 | D:3      | Reached XP level 4. HP: 35/35 MP: 4/4
  2379 | D:3      | Reached skill level 4 in Armour
  2597 | D:4      | Reached XP level 5. HP: 16/41 MP: 5/5
  2721 | D:4      | Noticed an ogre
  2727 | D:4      | Slain by an ogre

Illustrated notes

Levels and vault maps discovered:
D:1:      nagdon_arrival_double_spiral, layout_loops_cross, minivault_19
D:2:      layout_loops_ring, hellmonk_ecumenical_altar_crossroads
D:3:      layout_basic
D:4:      layout_cave_pools

Skill      XL: |  1  2  3  4 |
---------------+-------------+-----
Armour         | 3 4 |  4.1
Long Blades    | 2 |  2.5
Shields        | 3 |  3.0
Fighting       | |  3.4
Dodging        | |  0.5
Stealth        | |  0.1

Action                     |  1- 3 |  4- 6 || total
---------------------------+-------+-------++-------
  Melee: Long sword        |   134 |    44 ||   178
    Use: Scroll            |     7 |     1 ||     8
 Armour: Scale mail        |   102 |    52 ||   154
  Dodge: Dodged            |    58 |    15 ||    73
  Block: Buckler           |    35 |     8 ||    43
